AoeStats
← Pudjo

Nomad

510151661Analyzed
3v3 RM · 4d ago on Sep 29, 2026· 31m 39s· 6 players
Game mode
Random Map
Map size
210×210
Population
200
Speed
Normal
Resources
Standard
Victory
Conquest
Starting age
Dark Age
Ending age
Imperial Age
RankedLock teamsTeams togetherTeam positionsShared explorationLock speedFull tech treeHidden civsTurbo modeCheats
Victory
Defeat
🇩🇪 Danes · Germany
1485
+15
🇩🇪 Vietnamese · Germany
1459
+16
🇩🇪 Persians · Germany
1346
+21
🇭🇷 Dravidians · Croatia
1632
-23
🇸🇪 Varangians · Sweden
1415
-16
🇭🇷 Huns · Croatia
1352
-13
chrizbee
4:28 Loom
12:31 Feudal Age
16:23 Castle Age
15:54 Fishing Lines
16:43 Scale Mail Armor
16:55 Forging
16:44 Horse Collar
18:54 Chain Mail Armor
19:16 Iron Casting
20:30 Arson
20:46 Squires
23:17 Double-Bit Axe
23:57 Horse Collar
24:44 Gambesons
26:26 Wheelbarrow
28:24 Medium Warships
28:24 Fletching
29:52 Bodkin Arrow
29:56 Gillnets
M*rpheu$
9:22 Loom
12:51 Feudal Age
18:16 Castle Age
17:10 Double-Bit Axe
17:32 Horse Collar
17:48 Gold Mining
18:44 Husbandry
20:44 Bloodlines
22:44 Fishing Lines
25:10 Bow Saw
26:04 Wheelbarrow
26:26 Heavy Plow
26:36 Scale Barding Armor
26:41 Forging
28:07 Chain Barding Armor
29:38 Iron Casting
canttouchme
4:52 Loom
12:20 Feudal Age
15:33 Double-Bit Axe
16:56 Wheelbarrow
21:37 Castle Age
19:38 Fletching
20:29 Gold Mining
22:23 Bodkin Arrow
23:00 Medium Warships
24:13 Ballistics
24:18 Bow Saw
27:37 Careening
30:38 Horse Collar
31:22 Fishing Lines
Pudjo
3:35 Loom
13:18 Feudal Age
16:15 Wheelbarrow
19:19 Castle Age
20:09 Scale Barding Armor
21:28 Fletching
22:16 Town Watch
Jimmy
4:51 Loom
13:15 Feudal Age
16:48 Castle Age
17:49 Medium Warships
17:34 Fletching
18:46 Double-Bit Axe
21:30 Bodkin Arrow
22:54 Padded Archer Armor
25:12 Ballistics
fajerflaj
6:28 Loom
14:20 Feudal Age
14:46 Double-Bit Axe
19:40 Castle Age
19:10 Scale Barding Armor
20:50 Bloodlines
Connection lost

Rejoining the realm…

Still unreachable

The connection could not be restored.

Session expired

The server has moved on; the page needs a fresh start.